[Event "NCC Open Championship"]
[Site "Braeburn School"]
[Date "2022.08.19"]
[Round "1"]
[White "James Panchol"]
[Black "Willy Simons"]
[Result "1-0"]
[BlackElo "2400"]
[ECO "B33"]
[Opening "Sicilian"]
[Time "08:39:13"]
[Variation "Pelikan, Chelyabinsk, 9.Bxf6 gxf6 10.Nd5"]
[WhiteElo "2400"]
[TimeControl "300"]
[Termination "normal"]
[PlyCount "45"]
[WhiteType "human"]
[BlackType "human"]

1. e4 c5 2. Nf3 Nc6 3. d4 cxd4 4. Nxd4 Nf6 5. Nc3 e5 6. Ndb5 d6 7. Bg5 a6
8. Bxf6 gxf6 9. Na3 b5 10. Nd5 f5 11. Bxb5 axb5 12. Nxb5 Be6 13. Nbc7+ Kd7
14. Nxa8 Bxd5 15. Qxd5 Qxa8 16. Qxf7+ Ne7 17. O-O-O Bh6+ 18. Kb1 Qf8 19.
Qc4 Qf6 20. Qb5+ Ke6 21. Rxd6+ Kxd6 22. Rd1+ Nd5 23. Rxd5+ 1-0

[Event "NCC Open Championship"]
[Site "Braeburn School"]
[Date "2022.08.19"]
[Round "1"]
[White "Viacheslav Chvoro"]
[Black "Ricky Sang"]
[Result "0-1"]
[BlackElo "2400"]
[ECO "A06"]
[Opening "Reti Opening"]
[Time "08:39:13"]
[Variation "Nimzowitsch-Larsen, 2...Nf6 Nf6 3.Bb2 e6 4.e3"]
[WhiteElo "2400"]
[TimeControl "300"]
[Termination "normal"]
[PlyCount "86"]
[WhiteType "human"]
[BlackType "human"]

1. Nf3 d5 2. b3 Nf6 3. Bb2 e6 4. e3 c5 5. d4 Be7 6. dxc5 Qa5+ 7. Qd2 Qxc5
8. Bd3 O-O 9. O-O b5 10. Bd4 Qc6 11. Ne5 Qb7 12. Qe2 a6 13. Nd2 Nbd7 14. f4
Qc7 15. Rf3 Bb7 16. Rh3 h6 17. g4 Ne4 18. Bxe4 dxe4 19. g5 Nxe5 20. Bxe5
Bd6 21. Bxd6 Qxd6 22. gxh6 g6 23. Qg2 Qc6 24. Qg5 Qc3 25. Rf1 Kh7 26. Nb1
Qh8 27. f5 exf5 28. Rxf5 Bc8 29. Rf6 Bxh3 30. Nc3 Rae8 31. Nd5 Re6 32. Qf4
Bf5 33. Qg5 Qg8 34. Kf2 Re5 35. c4 bxc4 36. bxc4 Rxd5 37. cxd5 Rb8 38. Rxa6
Rb2+ 39. Kg3 Qb8+ 40. d6 Qb4 41. Ra7 Qe1+ 42. Kf4 Rf2+ 43. Ke5 Qc3+ 0-1

[Event "NCC Open Championship"]
[Site "Braeburn School"]
[Date "2022.08.19"]
[Round "1"]
[White "Ezekiel Masiko"]
[Black "Mutaha Samuel Mwaniki"]
[Result "1-0"]
[BlackElo "2400"]
[ECO "D53"]
[Opening "QGD"]
[Time "08:39:13"]
[Variation "4.Bg5 Be7 5.e3 Nbd7"]
[WhiteElo "2400"]
[TimeControl "300"]
[Termination "normal"]
[PlyCount "109"]
[WhiteType "human"]
[BlackType "human"]

1. d4 Nf6 2. c4 d5 3. Nc3 e6 4. Bg5 Be7 5. e3 Nbd7 6. Bd3 c5 7. Nge2 b6 8.
cxd5 Nxd5 9. Bxe7 Qxe7 10. Nxd5 exd5 11. dxc5 Nxc5 12. Bb5+ Bd7 13. Qxd5
Rd8 14. Qc4 O-O 15. O-O Be6 16. Qb4 Qg5 17. Nf4 Bf5 18. Rfd1 Bg4 19. Be2
Bf5 20. Rxd8 Rxd8 21. Rd1 Rxd1+ 22. Bxd1 h6 23. Qd4 Ne6 24. Nxe6 Bxe6 25.
Bc2 g6 26. a3 Bh3 27. Be4 Be6 28. b4 Qb5 29. Bf3 Qf5 30. Qe4 Qf6 31. Qd4
Qf5 32. Be4 Qb5 33. Qb2 Qd7 34. Qc2 Qd6 35. h3 Qe5 36. Qd3 Qa1+ 37. Kh2
Qe5+ 38. f4 Qb2 39. Qd8+ Kh7 40. Qd3 Qa1 41. Bd5 Bxd5 42. Qxd5 Kg8 43. Qd8+
Kg7 44. Qd4+ Qxd4 45. exd4 Kf6 46. Kg3 Ke6 47. Kf3 Kd5 48. Ke3 f6 49. Kd3
h5 50. b5 f5 51. a4 Ke6 52. Kc4 g5 53. d5+ Kf6 54. fxg5+ Kxg5 55. d6 1-0

[Event "NCC Open Championship"]
[Site "Braeburn School"]
[Date "2022.08.19"]
[Round "1"]
[White "Caleb Marani"]
[Black "Brian Mwani Irungu"]
[Result "1-0"]
[BlackElo "2400"]
[ECO "E16"]
[Opening "Queen's Indian"]
[Time "08:39:13"]
[Variation "Capablanca, 6.Nbd2"]
[WhiteElo "2400"]
[TimeControl "300"]
[Termination "normal"]
[PlyCount "149"]
[WhiteType "human"]
[BlackType "human"]

1. d4 Nf6 2. c4 e6 3. Nf3 b6 4. g3 Bb7 5. Bg2 Bb4+ 6. Nbd2 Ne4 7. O-O O-O
8. Ne5 f5 9. Nxe4 fxe4 10. Qc2 d5 11. c5 bxc5 12. a3 Ba5 13. Qxc5 Bb6 14.
Qc3 Nd7 15. Nc6 Qf6 16. Be3 Rfe8 17. Bf4 g5 18. Be5 Nxe5 19. Nxe5 Ba6 20.
Rae1 g4 21. a4 c5 22. dxc5 Bxc5 23. Qxc5 Qxe5 24. b4 Rec8 25. Qe7 Bc4 26.
h3 h5 27. Qh4 Qf5 28. hxg4 hxg4 29. f3 gxf3 30. Bxf3 exf3 31. Rxf3 Qe5 32.
Qg4+ Kh8 33. Kf2 Rc7 34. Rh1+ Rh7 35. Rxh7+ Kxh7 36. Rf7+ Kh6 37. Qh4+ Kg6
38. Qh7+ Kg5 39. Rg7+ Qxg7 40. Qxg7+ Kf5 41. Ke3 e5 42. g4+ Ke6 43. Qg6+
Ke7 44. Qf5 Kd6 45. Qf6+ Kd7 46. g5 Re8 47. g6 d4+ 48. Kd2 a6 49. g7 Kc7
50. b5 axb5 51. axb5 Bd5 52. b6+ Kd7 53. b7 Kc7 54. Qf8 Rb8 55. Qe7+ Kc6
56. Qxe5 Rxb7 57. Qxd5+ Kxd5 58. g8=Q+ Kc6 59. Kd3 Rd7 60. Kc4 Kc7 61. Kc5
Re7 62. Qg3+ Kb7 63. Qb3+ Kc8 64. Qb6 Rd7 65. Kc6 d3 66. Qa6+ Kd8 67. exd3
Rc7+ 68. Kb6 Kd7 69. Qa4+ Kd8 70. Qh4+ Re7 71. Kc6 Ke8 72. d4 Re6+ 73. Kc7
Ra6 74. Qe1+ Kf7 75. Qf1+ 1-0

[Event "NCC Open Championship"]
[Site "Braeburn School"]
[Date "2022.08.19"]
[Round "1"]
[White "Zamir Zayan"]
[Black "Trevor Mulindi"]
[Result "0-1"]
[BlackElo "2400"]
[ECO "E16"]
[Opening "Queen's Indian"]
[Time "08:39:13"]
[Variation "Capablanca, Riumin, 7.Nc3 O-O 8.O-O d5"]
[WhiteElo "2400"]
[TimeControl "300"]
[Termination "normal"]
[PlyCount "84"]
[WhiteType "human"]
[BlackType "human"]

1. d4 Nf6 2. c4 e6 3. Nf3 b6 4. g3 Bb7 5. Bg2 Bb4+ 6. Bd2 Be7 7. O-O O-O 8.
Nc3 d5 9. cxd5 exd5 10. Re1 Nbd7 11. Rc1 Rc8 12. Qb3 c5 13. e3 Re8 14. Ne5
Nxe5 15. dxe5 Ng4 16. Bxd5 Bxd5 17. Qxd5 Qxd5 18. Nxd5 Nxe5 19. Nxe7+ Rxe7
20. Red1 Rd7 21. Bc3 Nd3 22. Rc2 f6 23. Rcd2 Rcd8 24. Kf1 Kf7 25. Ke2 c4
26. Bd4 Re8 27. Bc3 g5 28. a4 a6 29. b3 b5 30. axb5 axb5 31. Ra1 h5 32. Ra6
Nc1+ 33. Ke1 Rxd2 34. Rxf6+ Ke7 35. Kxd2 Nxb3+ 36. Kc2 b4 37. Be5 Rd8 38.
Rc6 Rd2+ 39. Kb1 Rxf2 40. Rg6 c3 41. Bxc3 bxc3 42. Rc6 Rb2# 0-1

[Event "NCC Open Championship"]
[Site "Braeburn School"]
[Date "2022.08.19"]
[Round "1"]
[White "Jeremy Morara Michoma"]
[Black "Harmony Odhiambo"]
[Result "0-1"]
[BlackElo "2400"]
[ECO "A04"]
[Opening "Reti Opening"]
[Time "08:39:13"]
[Variation "1...f5 2.g3"]
[WhiteElo "2400"]
[TimeControl "300"]
[Termination "normal"]
[PlyCount "102"]
[WhiteType "human"]
[BlackType "human"]

1. Nf3 f5 2. g3 Nf6 3. Nc3 g6 4. Bg2 Nc6 5. d4 Bg7 6. d5 Nb8 7. e4 fxe4 8.
Ng5 O-O 9. O-O h6 10. Ngxe4 d6 11. Rb1 Bf5 12. Re1 Nbd7 13. Be3 a6 14. Qd2
Kh7 15. Nxf6+ Nxf6 16. Ne2 Qd7 17. Nf4 Rac8 18. Ne6 Bxe6 19. dxe6 Qb5 20.
h3 c6 21. b3 c5 22. c4 Qe8 23. Bxb7 Rb8 24. Bxa6 Qc6 25. Bb5 Qf3 26. Qe2
Qb7 27. a4 Ne4 28. Bf4 Nc3 29. Qc2 Nxb1 30. Rxb1 Rf5 31. Rd1 Bd4 32. Qe2
Rbf8 33. Rd2 Be5 34. Be3 Qe4 35. f4 Bc3 36. Rc2 Bd4 37. Bxd4 Qxd4+ 38. Kg2
g5 39. fxg5 Re5 40. Qd2 Qe4+ 41. Kh2 hxg5 42. Bd7 Kg6 43. a5 g4 44. h4 Rf3
45. a6 Rf1 46. Qg2 Qxg2+ 47. Kxg2 Ra1 48. Bc8 Re3 49. Rb2 Ra3 50. b4 cxb4
51. Rxb4 Ra2+ 0-1

[Event "NCC Open Championship"]
[Site "Braeburn School"]
[Date "2022.08.19"]
[Round "1"]
[White "Ian Mutuge"]
[Black "James Todd"]
[Result "1-0"]
[BlackElo "2400"]
[ECO "B31"]
[Opening "Sicilian"]
[Time "08:39:13"]
[Variation "Rossolimo, 3...g6 4.O-O Bg7 5.Re1"]
[WhiteElo "2400"]
[TimeControl "300"]
[Termination "normal"]
[PlyCount "61"]
[WhiteType "human"]
[BlackType "human"]

1. e4 c5 2. Nf3 Nc6 3. Bb5 g6 4. O-O Bg7 5. Re1 d6 6. c3 a6 7. Bf1 Nf6 8.
h3 O-O 9. d4 cxd4 10. cxd4 b5 11. Bf4 Nh5 12. Be3 Bb7 13. Qd2 Rc8 14. Bh6
Qb6 15. Bxg7 Kxg7 16. Nc3 e6 17. d5 Ne7 18. g4 Nf6 19. dxe6 fxe6 20. Ng5
Kg8 21. Nxe6 Rf7 22. Ng5 Rff8 23. Rad1 Ne8 24. Nd5 Nxd5 25. exd5 Ng7 26.
Re7 Ba8 27. Bg2 Rc7 28. Rde1 Rxe7 29. Rxe7 Qc5 30. Rxg7+ Kxg7 31. Ne6+ 1-0

[Event "NCC Open Championship"]
[Site "Braeburn School"]
[Date "2022.08.19"]
[Round "2"]
[White "Harmony Odhiambo"]
[Black "James Panchol"]
[Result "0-1"]
[BlackElo "2400"]
[ECO "A36"]
[Opening "English"]
[Time "08:39:13"]
[Variation "Symmetrical, Botvinnik System, 5...d6, 8.d3 Rb8"]
[WhiteElo "2400"]
[TimeControl "300"]
[Termination "normal"]
[PlyCount "144"]
[WhiteType "human"]
[BlackType "human"]

1. c4 Nf6 2. Nc3 g6 3. e4 d6 4. Nge2 Bg7 5. g3 O-O 6. Bg2 c5 7. O-O Nc6 8.
d3 Rb8 9. Rb1 a6 10. a3 Bg4 11. f3 Bd7 12. b4 cxb4 13. axb4 Qb6+ 14. Kh1
Nxb4 15. Na2 a5 16. Bd2 Qc7 17. Nxb4 axb4 18. Rxb4 b5 19. Qc2 bxc4 20. Rxc4
Qb6 21. Rb4 Qa7 22. Rfb1 Rbc8 23. Bc3 Nh5 24. Qd2 Bxc3 25. Nxc3 Be6 26. d4
Qa3 27. Ne2 Bc4 28. Nc3 Bd3 29. R4b3 Qa6 30. Rd1 Bc4 31. Rbb1 Qc6 32. Rdc1
Qd7 33. d5 Rc5 34. Ne2 Bxe2 35. Rxc5 dxc5 36. Qxe2 Qa4 37. Bh3 Nf6 38. Rc1
Qa3 39. Rb1 c4 40. Kg2 Qc3 41. Rb2 Qe5 42. Rc2 c3 43. Qc4 Ra8 44. Qxc3 Qxc3
45. Rxc3 Ra2+ 46. Kg1 Ra7 47. Rc8+ Kg7 48. Rd8 Ra1+ 49. Bf1 Ra7 50. Kf2 Nd7
51. h3 Ne5 52. f4 Ra2+ 53. Be2 Nd3+ 54. Ke3 Nc1 55. Bd1 Ra3+ 56. Kf2 Nd3+
57. Kg2 Ra2+ 58. Kf3 Ra3 59. Rb8 Nc5+ 60. Kg2 Nxe4 61. Rb3 Ra2+ 62. Kf3
Nd2+ 63. Kg4 f5+ 64. Kh4 Nxb3 65. Bxb3 Ra3 66. Bc4 h6 67. Bb5 Kf6 68. Bd7
g5+ 69. fxg5+ hxg5+ 70. Kh5 Rxg3 71. h4 Rh3 72. Bxf5 Rxh4# 0-1

[Event "64th NCC Championship"]
[Site "Braeburn School"]
[Date "2022.08.19"]
[Round "2"]
[White "Ricky Sang"]
[Black "Felix Boera"]
[Result "1-0"]
[ECO "E34"]
[WhiteElo "2400"]
[BlackElo "2400"]
[Annotator "USER"]
[PlyCount "71"]
[EventDate "2022.??.??"]
[TimeControl "300"]

1. d4 Nf6 2. c4 e6 3. Nc3 Bb4 4. Qc2 d5 5. cxd5 Qxd5 6. Nf3 O-O 7. e3 c5 8. a3
Bxc3+ 9. bxc3 c4 10. Be2 Nc6 11. O-O Bd7 12. Nd2 Na5 13. Bf3 Qf5 14. e4 Qg6 15.
Qa2 Ba4 16. e5 Nd5 17. Ne4 Bc6 18. Qe2 Nb3 19. Ra2 Rfc8 {Felix missed a nice
tactical punch} (19... Nxc3 20. Nxc3 Nxd4 21. Qe3 Nxf3+ 22. Kh1 Nxh2 23. Rg1)
20. Rc2 Ne7 21. Bf4 h6 22. Re1 Nf5 23. Bh5 Qh7 24. Rb2 b5 25. Bg4 Qg6 26. Bh5
Qh7 27. g3 Kf8 28. Nd6 Rd8 29. Nxf7 Nfxd4 30. cxd4 Rxd4 31. Nd6 Rd3 32. Be3 g6
33. Bg4 h5 34. Bxe6 h4 35. Qg4 hxg3 36. Qf4+ {normal} 1-0

[Event "NCC Open Championship"]
[Site "Braeburn School"]
[Date "2022.08.19"]
[Round "2"]
[White "Veniamin Negru"]
[Black "Ezekiel Masiko"]
[Result "0-1"]
[BlackElo "2400"]
[ECO "B20"]
[Opening "Sicilian"]
[Time "08:39:13"]
[Variation "2.Bc4"]
[WhiteElo "2400"]
[TimeControl "300"]
[Termination "normal"]
[PlyCount "54"]
[WhiteType "human"]
[BlackType "human"]

1. e4 c5 2. Bc4 d6 3. f4 g6 4. Nf3 Bg7 5. Ng5 e6 6. Nc3 Ne7 7. O-O a6 8. a3
Nbc6 9. Ne2 d5 10. exd5 exd5 11. Ba2 Bg4 12. c3 O-O 13. Qe1 h6 14. Nf3 Re8
15. h3 Bf5 16. Bb1 d4 17. Nh4 Bxb1 18. Rxb1 d3 19. Ng3 Nf5 20. Qf2 Qxh4 21.
Nxf5 Qxf2+ 22. Rxf2 gxf5 23. b3 Re1+ 24. Rf1 Rae8 25. Bb2 Rxb1 26. Rxb1 Re2
27. c4 Rxd2 0-1

[Event "NCC Open Championship"]
[Site "Braeburn School"]
[Date "2022.08.19"]
[Round "2"]
[White "Trevor Mulindi"]
[Black "Ian Mutuge"]
[Result "1/2-1/2"]
[BlackElo "2400"]
[ECO "E06"]
[Opening "Catalan"]
[Time "08:39:13"]
[Variation "Closed, 6.O-O"]
[WhiteElo "2400"]
[TimeControl "300"]
[Termination "normal"]
[PlyCount "72"]
[WhiteType "human"]
[BlackType "human"]

1. d4 Nf6 2. Nf3 e6 3. g3 Be7 4. Bg2 O-O 5. O-O d5 6. c4 Re8 7. Nc3 b6 8.
Bg5 Bb7 9. Ne5 Nbd7 10. Rc1 a6 11. cxd5 exd5 12. Qb3 Nxe5 13. dxe5 Ne4 14.
Bxe7 Rxe7 15. Nxe4 dxe4 16. Rfd1 Qc8 17. Qc3 Qe6 18. b3 Rc8 19. e3 g6 20.
Qd4 Qf5 21. Rc4 Rxe5 22. Rxc7 Rd5 23. Rxc8+ Qxc8 24. Qa1 Rxd1+ 25. Qxd1 Qc6
26. Qd8+ Kg7 27. Qd4+ Kg8 28. Qc4 Qxc4 29. bxc4 Kf8 30. Kf1 Ke7 31. Ke1 Kd6
32. Kd2 Kc5 33. Kc3 f5 34. h4 Bc8 35. Bf1 Be6 36. a3 Bf7 1/2-1/2

[Event "NCC Open Championship"]
[Site "Braeburn School"]
[Date "2022.08.19"]
[Round "2"]
[White "Willy Simons"]
[Black "Caleb Marani"]
[Result "1-0"]
[BlackElo "2400"]
[ECO "B22"]
[Opening "Sicilian"]
[Time "08:39:13"]
[Variation "Alapin, 2...d5 3.exd5 Qxd5 4.d4 Nc6 5.Nf3 cxd4 6.cxd4"]
[WhiteElo "2400"]
[TimeControl "300"]
[Termination "normal"]
[PlyCount "89"]
[WhiteType "human"]
[BlackType "human"]

1. e4 c5 2. c3 Nc6 3. d4 cxd4 4. cxd4 d5 5. exd5 Qxd5 6. Nf3 Bg4 7. Nc3
Qe6+ 8. Be3 O-O-O 9. d5 Qf6 10. Be2 Bxf3 11. Bxf3 e6 12. O-O Kb8 13. Qa4
exd5 14. Nxd5 Qf5 15. Rfd1 Bd6 16. Rac1 a6 17. b4 Nge7 18. Nxe7 Nxe7 19.
Rb1 Qb5 20. Qb3 Rhf8 21. a4 Qf5 22. b5 a5 23. Bb6 Qe5 24. Bxd8 Qxh2+ 25.
Kf1 Rxd8 26. Qe3 Nc8 27. g3 Rd7 28. Rbc1 Re7 29. Qc3 Bc7 30. Qc5 Qh3+ 31.
Kg1 Bb6 32. Qg5 f6 33. Qf4+ Bc7 34. Qc4 Nb6 35. Qc5 Qe6 36. Re1 Be5 37.
Red1 g5 38. Rd8+ Ka7 39. Bd5 Qf5 40. Qxe7 Nxd5 41. Rxd5 Qe4 42. Qc5+ Ka8
43. Rd8+ Bb8 44. b6 Qe5 45. Rxb8+ 1-0

[Event "NCC Open Championship"]
[Site "Braeburn School"]
[Date "2022.08.19"]
[Round "2"]
[White "Brian Mwangi Irungu"]
[Black "Zamir Zayan"]
[Result "0-1"]
[BlackElo "2400"]
[ECO "C62"]
[Opening "Spanish"]
[Time "08:39:13"]
[Variation "Old Steinitz, 4.d4 exd4 5.Qxd4"]
[WhiteElo "2400"]
[TimeControl "300"]
[Termination "normal"]
[PlyCount "108"]
[WhiteType "human"]
[BlackType "human"]

1. e4 d6 2. d4 e5 3. Nf3 exd4 4. Qxd4 Nc6 5. Bb5 Bd7 6. Bxc6 Bxc6 7. Nc3
Nf6 8. Bg5 Be7 9. O-O-O O-O 10. h4 h6 11. Bd2 Nd7 12. g4 Bf6 13. Qe3 Ne5
14. Nxe5 Bxe5 15. f4 Bxc3 16. Bxc3 Re8 17. h5 Rxe4 18. Qf2 f6 19. g5 fxg5
20. fxg5 Qxg5+ 21. Kb1 Rf4 22. Qe2 Re8 23. Qd3 Bxh1 24. Rxh1 Qf5 25. Qd1
Rf8 26. Re1 Rf1 27. b3 Rxe1 28. Bxe1 Qf3 29. Qd2 Qxh5 30. Bf2 Qh1+ 31. Kb2
Qg2 32. Qd4 Qxf2 33. Qd5+ Kh8 34. Qxb7 Qf6+ 35. Ka3 Qd8 36. c4 c5 37. Qg2
Qa5+ 38. Kb2 Qb6 39. Qe2 Rb8 40. Qf3 a5 41. a3 Qxb3+ 42. Qxb3 Rxb3+ 43.
Kxb3 h5 44. Ka4 h4 45. Kxa5 h3 46. Kb6 h2 47. a4 h1=Q 48. a5 g5 49. a6 g4
50. a7 g3 51. Kc7 Qa8 52. Kb6 g2 53. Kc7 Qxa7+ 54. Kc6 d5 0-1

[Event "NCC Open Championship"]
[Site "Braeburn School"]
[Date "2022.08.19"]
[Round "2"]
[White "Dennis Kabechu"]
[Black "Victor Hongo"]
[Result "0-1"]
[BlackElo "2400"]
[ECO "C24"]
[Opening "Bishop's Opening"]
[Time "08:39:13"]
[Variation "3.d3"]
[WhiteElo "2400"]
[TimeControl "300"]
[Termination "normal"]
[PlyCount "64"]
[WhiteType "human"]
[BlackType "human"]

1. e4 e5 2. Bc4 Nf6 3. d3 Bc5 4. a3 d6 5. h3 Nc6 6. c3 d5 7. exd5 Nxd5 8.
b4 Bb6 9. Nf3 O-O 10. b5 Na5 11. Ba2 Re8 12. O-O c6 13. c4 Nc7 14. Re1 cxb5
15. Be3 Bxe3 16. Rxe3 bxc4 17. Rxe5 Rxe5 18. Nxe5 Qd4 19. Qh5 g6 20. Qg5
Be6 21. Nxc4 Nxc4 22. Nc3 Qxc3 23. Rd1 Nb2 24. Bxe6 Nxe6 25. Qd2 Nxd1 26.
Qxd1 Rd8 27. Qa4 Rxd3 28. Qxa7 Rd1+ 29. Kh2 Qe5+ 30. g3 Qe1 31. Qb8+ Kg7
32. Kg2 Qh1# 0-1

[Event "NCC Open Championship"]
[Site "Braeburn School"]
[Date "2022.08.19"]
[Round "2"]
[White "James Todd"]
[Black "Viacheslav Chvoro"]
[Result "0-1"]
[BlackElo "2400"]
[ECO "C63"]
[Opening "Spanish"]
[Time "08:39:13"]
[Variation "Schliemann, 4.Nc3 fxe4 5.Nxe4 Nf6"]
[WhiteElo "2400"]
[TimeControl "300"]
[Termination "normal"]
[PlyCount "62"]
[WhiteType "human"]
[BlackType "human"]

1. e4 e5 2. Nf3 f5 3. Nc3 fxe4 4. Nxe4 Nc6 5. Bb5 Nf6 6. d3 d5 7. Bxc6+
bxc6 8. Nxf6+ Qxf6 9. Bg5 Qf5 10. O-O Bd6 11. Bh4 O-O 12. Bg3 Ba6 13. Re1
Rae8 14. Qe2 e4 15. Bxd6 cxd6 16. Nh4 Qf6 17. g3 g5 18. Ng2 exd3 19. Qxe8
Qxf2+ 20. Kh1 Rxe8 21. Rxe8+ Kf7 22. Rae1 dxc2 23. R1e7+ Kf6 24. Re6+ Kf5
25. Ne3+ Qxe3 26. Rxe3 c1=Q+ 27. Re1 Qxb2 28. h3 Bd3 29. Rf8+ Kg6 30. Re6+
Kg7 31. Rfe8 Be4+ 0-1

[Event "NCC Open Championship"]
[Site "Braeburn School"]
[Date "2022.08.19"]
[Round "2"]
[White "Mutaha Samuel Mwaniki"]
[Black "Jeremy Morara Michoma"]
[Result "0-1"]
[BlackElo "2400"]
[ECO "D37"]
[Opening "QGD"]
[Time "08:39:13"]
[Variation "4.Nf3"]
[WhiteElo "2400"]
[TimeControl "300"]
[Termination "normal"]
[PlyCount "64"]
[WhiteType "human"]
[BlackType "human"]

1. d4 Nf6 2. c4 e6 3. Nf3 d5 4. Nc3 h6 5. e3 b6 6. cxd5 Nxd5 7. e4 Nxc3 8.
bxc3 Bb7 9. Bb5+ c6 10. Ba4 Nd7 11. O-O Be7 12. Re1 O-O 13. Bf4 Nf6 14. c4
Rc8 15. e5 Ne8 16. Qe2 c5 17. Red1 Bxf3 18. Qxf3 cxd4 19. Rac1 f6 20. Qg4
Nc7 21. Bxh6 Rf7 22. Rxd4 Qf8 23. Qg6 fxe5 24. Bc2 Rf5 25. Rg4 Ne8 26.
Qxe6+ Rf7 27. Qxc8 Rxf2 28. Bxg7 Nxg7 29. Qe6+ Kh8 30. Qh6+ Kg8 31. Bg6
Rf1+ 32. Rxf1 Bc5+ 0-1

[Event "NCC Open Championship"]
[Site "Braeburn School"]
[Date "2022.08.19"]
[Round "3"]
[White "James Panchol"]
[Black "Ricky Sang"]
[Result "0-1"]
[ECO "B95"]
[WhiteElo "2400"]
[BlackElo "2400"]
[Annotator "USER"]
[PlyCount "136"]
[EventDate "2022.??.??"]
[TimeControl "300"]

1. e4 c5 2. Nf3 d6 3. d4 cxd4 4. Nxd4 Nf6 5. Nc3 a6 6. Bg5 e6 7. Qd2 b5 8. f3
Be7 9. O-O-O O-O 10. h4 b4 11. Nce2 d5 12. e5 Nfd7 13. f4 Nc5 14. Ng3 Bb7 15.
Kb1 Nc6 16. Nxc6 Bxc6 17. Bxe7 Qxe7 18. Qxb4 Rfb8 19. Qa3 Qb7 20. b3 Na4 21.
Ne2 Bb5 22. Rh3 Qc8 23. Re1 Nb6 24. Rg3 Qd8 25. Rh3 d4 26. Qd6 Nd5 27. Qxd8+
Rxd8 28. Rf3 Ne3 29. Kb2 Bc6 30. Nxd4 Bxf3 31. Nxf3 Nxf1 32. Rxf1 Rac8 33. c4
Rd3 34. Rf2 a5 35. a3 Rb8 36. Nd2 a4 37. b4 Rbd8 38. Nb1 Rb3+ 39. Kc1 Kf8 40.
c5 Rd4 41. Rc2 Ke8 42. c6 Kd8 43. c7+ Kc8 44. Nd2 Rxd2 45. Kxd2 Rxa3 46. Rc4
Rb3 47. Kc2 h5 48. g3 g6 49. b5 Rxb5 50. Rxa4 Kxc7 51. Ra7+ Rb7 52. Rxb7+ Kxb7
53. Kc3 Kc7 54. Kd4 Kb6 55. g4 {?? The position was drawn before g4.} hxg4 56.
Ke3 Kc5 57. Kf2 Kd5 58. Kg3 Ke4 {According to Fritz 58......Kd4 was the
correct move. The position is now drawn.} 59. Kxg4 Ke3 60. Kg5 Kf3 61. Kf6 {
Fritz suggests 61 f5} Kxf4 62. Kxf7 Kf5 63. Kg7 g5 64. h5 g4 65. h6 g3 66. h7
g2 67. h8=Q g1=Q+ 68. Kf7 Qa7+ {normal} 0-1

[Event "NCC Open Championship"]
[Site "Braeburn School"]
[Date "2022.08.19"]
[Round "3"]
[White "Ezekiel Masiko"]
[Black "Trevor Mulindi"]
[Result "1/2-1/2"]
[BlackElo "2400"]
[ECO "E35"]
[Opening "Nimzo-Indian"]
[Time "08:39:13"]
[Variation "Classical, Noa, Exchange, 6.Bg5 h6 7.Bh4 c5"]
[WhiteElo "2400"]
[TimeControl "300"]
[Termination "normal"]
[PlyCount "64"]
[WhiteType "human"]
[BlackType "human"]

1. d4 Nf6 2. c4 e6 3. Nc3 Bb4 4. Qc2 d5 5. cxd5 exd5 6. Bg5 h6 7. Bh4 c5 8.
a3 Qa5 9. Bxf6 gxf6 10. dxc5 Bxc3+ 11. Qxc3 Qxc3+ 12. bxc3 Na6 13. Rd1 Be6
14. e4 dxe4 15. Bxa6 bxa6 16. Rd6 Ke7 17. Ne2 Rhc8 18. Rxa6 Rxc5 19. Ra4 f5
20. Kd2 a5 21. Rb1 Rd8+ 22. Rd4 Rxd4+ 23. Nxd4 Kf6 24. g3 Rc4 25. Rb5 Ra4
26. Nc2 Kg5 27. h3 h5 28. h4+ Kg4 29. Ke1 Kf3 30. Nd4+ Kg4 31. Nc2 Kf3 32.
Nd4+ Kg4 1/2-1/2

[Event "NCC Open Championship"]
[Site "Braeburn School"]
[Date "2022.08.19"]
[Round "3"]
[White "Ian Mutuge"]
[Black "Felix Boera"]
[Result "1-0"]
[BlackElo "2400"]
[ECO "B31"]
[Opening "Sicilian"]
[Time "08:39:13"]
[Variation "Rossolimo, 3...g6 4.O-O Bg7 5.Re1 Nf6"]
[WhiteElo "2400"]
[TimeControl "300"]
[Termination "normal"]
[PlyCount "133"]
[WhiteType "human"]
[BlackType "human"]

1. e4 c5 2. Nf3 Nc6 3. Bb5 g6 4. O-O Bg7 5. Re1 Nf6 6. a4 a5 7. c3 O-O 8.
h3 d5 9. e5 Ne8 10. d4 cxd4 11. cxd4 Nc7 12. Bf1 Bf5 13. Na3 h6 14. Be3 Na6
15. Qd2 Kh7 16. Bd3 Be6 17. Rac1 Nab4 18. Bb1 Qd7 19. b3 f5 20. h4 Qe8 21.
Nb5 Rc8 22. Bf4 Qf7 23. Rc3 Nd8 24. Rec1 Rc6 25. Nc7 Bc8 26. Rc5 e6 27. Nb5
Qd7 28. Nd6 b6 29. Rxc6 Ndxc6 30. Bd3 Nxd3 31. Qxd3 Nb4 32. Qb5 Qxb5 33.
axb5 Nd3 34. Rxc8 Nxf4 35. Rc6 Rb8 36. g3 Nd3 37. Rc8 Rxc8 38. Nxc8 Nc1 39.
Nxb6 Ne2+ 40. Kf1 Nc3 41. Na4 Nxb5 42. Nc5 Nc7 43. Nb7 Bf8 44. Nxa5 Kg8 45.
Ke2 Kf7 46. Nb7 Na6 47. Ne1 Nb4 48. Kd2 g5 49. hxg5 hxg5 50. Nc2 g4 51.
Nd8+ Ke7 52. Nxb4 Kxd8 53. Nd3 Kc7 54. Kc3 Kc6 55. Nf4 Kb5 56. Nxe6 Bb4+
57. Kd3 Be1 58. Ng7 Bxf2 59. e6 f4 60. e7 fxg3 61. e8=Q+ Kb4 62. Qb8+ Ka3
63. Qa7+ Kb2 64. Ke2 Be3 65. Kf1 Kc3 66. Ne6 Kd3 67. Kg2 1-0

[Event "NCC Open Championship"]
[Site "Braeburn School"]
[Date "2022.08.19"]
[Round "3"]
[White "Caleb Marani"]
[Black "Harmony Odhiambo"]
[Result "0-1"]
[BlackElo "2400"]
[ECO "A50"]
[Opening "Indian"]
[Time "08:39:13"]
[Variation "Black Knights' Tango (Mexican Defence-Kevitz-Trajkovich Defence), 3.Nf3 e6"]
[WhiteElo "2400"]
[TimeControl "300"]
[Termination "normal"]
[PlyCount "123"]
[WhiteType "human"]
[BlackType "human"]

1. d4 Nf6 2. c4 Nc6 3. Nf3 e6 4. Bg5 Be7 5. d5 exd5 6. cxd5 Nb4 7. Nc3 O-O
8. e3 b6 9. a3 Na6 10. b4 Bb7 11. Qa4 Nb8 12. Bc4 d6 13. Nd4 Nfd7 14. Bxe7
Qxe7 15. Nc6 Bxc6 16. dxc6 Ne5 17. Bd5 Nd3+ 18. Ke2 Nf4+ 19. Kd2 Ng6 20. g3
a6 21. b5 Re8 22. Rhe1 Ne5 23. h3 Qf6 24. Ne4 Qf5 25. Red1 Qxh3 26. f4 Ng4
27. Re1 h6 28. Re2 Qh5 29. Ng5 hxg5 30. f5 Ne5 31. Rh1 Nf3+ 32. Bxf3 Qxf3
33. Reh2 Qxe3+ 34. Kc2 Kf8 35. Qb4 Qe4+ 36. Qxe4 Rxe4 37. Rh8+ Ke7 38. bxa6
Rxa6 39. Rxb8 Rxa3 40. f6+ gxf6 41. Rc8 Re2+ 42. Kd1 Re5 43. Rxc7+ Ke6 44.
Rh8 Ra2 45. Re8+ Kd5 46. Rxe5+ dxe5 47. Rxf7 Kxc6 48. Rxf6+ Kd5 49. Rxb6
Rg2 50. Rb3 e4 51. Rb5+ Kd4 52. Rxg5 Ke3 53. Rg4 Kd3 54. Ke1 Ke3 55. Kf1
Rb2 56. Rf4 Kd3 57. Rf2 Rb1+ 58. Kg2 e3 59. Rf7 Rb2+ 60. Kg1 e2 61. Kf2 Kd2
62. Re7 0-1

[Event "NCC Open Championship"]
[Site "Braeburn School"]
[Date "2022.08.19"]
[Round "3"]
[White "Victor Hongo"]
[Black "Veniamin Negru"]
[Result "0-1"]
[BlackElo "2400"]
[ECO "C01"]
[Opening "French"]
[Time "08:39:13"]
[Variation "Exchange, 4.Nf3"]
[WhiteElo "2400"]
[TimeControl "300"]
[Termination "normal"]
[PlyCount "65"]
[WhiteType "human"]
[BlackType "human"]

1. e4 e6 2. Nf3 d5 3. exd5 exd5 4. d4 Bg4 5. Bd3 Nc6 6. Be3 Qf6 7. Be2 h6
8. c3 Bd6 9. Qb3 O-O-O 10. a4 a5 11. Nbd2 Nge7 12. c4 Nb4 13. cxd5 Nbxd5
14. O-O Be6 15. Nc4 Nxe3 16. fxe3 Qg6 17. Rac1 Kb8 18. Qd1 Nc6 19. Nxd6
Rxd6 20. Bb5 Bd5 21. Qd2 Re8 22. Bxc6 Bxc6 23. Ne5 Rxe5 24. Rxc6 bxc6 25.
b4 Qe4 26. Rf3 Rf5 27. Rxf5 Qxf5 28. bxa5 Qb1+ 29. Kf2 Rf6+ 30. Kg3 Qg6+
31. Kh3 Rf5 32. g4 Rf3+ 33. Kh4 0-1